 Dungeon Crawl Stone Soup version 0.31-a0-1589-g8f5e8aebd6 (webtiles) character file.

Game seed: 1472306660751719894

49688 djent the Bludgeoner (level 14, -11/88 HPs)
             Began as a Gargoyle Fighter on Jan 4, 2024.
             Was a High Priest of Hepliaklqana.
             Mangled by a culicivora (16 damage)
             ... led by a broodmother
             ... on level 2 of the Spider Nest on Jan 5, 2024.
             The game lasted 01:34:29 (16039 turns).

djent the Bludgeoner (Gargoyle Fighter)            Turns: 16039, Time: 01:34:29

Health: -11/88     AC: 36    Str: 22    XL:     14   Next: 51%
Magic:  18/18      EV:  8    Int: 10    God:    Hepliaklqana [*****.]
Gold:   179        SH:  0    Dex: 13    Spells: 6/13 levels left

rFire   + . .        i - +10 dark maul {heavy, lol}
rCold   + . .        (shield currently unavailable)
rNeg    + . .        K - +3 chain mail {rF+}
rPois   ∞            G - +0 helmet
rElec   +            f - +0 cloak
rCorr   .            g - +1 Delatra's gloves {ID++, lol}
SInv    .            Q - +2 pair of boots
Will    ++...        (no amulet) Stlth
                     R - ring of willpower
HPRegen 0.34/turn    I - +4 ring of protection
MPRegen 0.16/turn

%: no passive effects
@: flying
A: reduced essence, sickness immunity, AC +10, big wings, negative energy
resistance 1, electricity resistance, torment resistance 1, petrification
resistance, thin skeletal structure 1, cold resistance 1
a: Renounce Religion, Recall Ancestor, Ancestor Identity, Transference, Idealise


You were on level 2 of the Spider Nest.
You worshipped Hepliaklqana.
Hepliaklqana was extremely pleased with you.
You visited 4 branches of the dungeon, and saw 17 of its levels.
You also visited: Bailey and Volcano.

You collected 1629 gold pieces.
You spent 1450 gold pieces at shops.

Inventory:

Hand Weapons
 a - a +5 eveningstar of freezing
 i - the +10 dark maul (weapon) {heavy, lol}
   (You bought it in a shop on level 3 of the Dungeon)
 z - a +5 flail of freezing
Missiles
 k - 9 atropa-tipped darts
 p - 97 stones
 t - 7 poisoned darts (quivered)
 D - 2 curare-tipped darts
Armour
 f - a +0 cloak (worn)
 g - the +1 Delatra's gloves (worn) {ID++, lol}
   (You found it on level 6 of the Dungeon)

   ID++:      It heals its wearer when they drink unknown potions, and restores
   their MP when they read unknown scrolls.
 E - a +0 kite shield of fire resistance
 G - a +0 helmet (worn)
 K - a +3 chain mail of fire resistance (worn)
 Q - a +2 pair of boots (worn)
Jewellery
 b - a ring of fire
 d - the ring of Jotemezu {*Slow rPois rCorr Str-5 SInv}
   (You found it on level 5 of the Dungeon)

   [ring of resist corrosion]

   Str-5:     It affects your strength (-5).
   rPois:     It protects you from poison SInv: It lets you see invisible.
   rCorr:     It protects you from acid and corrosion.
   *Slow:     It may slow you when you take damage.
 e - a ring of protection from fire
 u - a ring of ice
 A - a +6 ring of intelligence
 I - a +4 ring of protection (right hand)
 R - a ring of willpower (left hand)
 V - an amulet of magic regeneration
Wands
 j - a wand of polymorph (9)
 F - a wand of flame (30)
 H - a wand of mindburst (11)
 J - a wand of acid (8)
 O - a wand of charming (6)
 U - a wand of iceblast (4)
Scrolls
 h - 7 scrolls of teleportation
 m - a scroll of revelation
 n - 2 scrolls of brand weapon
 o - a scroll of silence
 q - 3 scrolls of amnesia
 s - 3 scrolls of blinking
 v - a scroll of vulnerability
 x - 2 scrolls of fear
 y - a scroll of butterflies {unknown}
 C - a scroll of identify
 M - 2 scrolls of immolation
 P - 2 scrolls of torment {unknown}
 S - a scroll of enchant weapon {unknown}
 T - a scroll of noise {unknown}
Potions
 c - 2 potions of curing
 l - 3 potions of enlightenment
 r - 4 potions of attraction
 B - a potion of magic
 L - a potion of haste
 N - a potion of mutation
 W - a potion of invisibility
Miscellaneous
 w - a tin of tremorstones (2/2)


   Skills:
 * Level 15.6 Fighting
 * Level 17.7 Maces & Flails
 + Level 7.3 Armour
 - Level 2.0 Stealth
 - Level 7.7 Shields
 - Level 6.5 Invocations


You had 6 spell levels left.
You knew the following spells:

 Your Spells              Type           Power      Damage    Failure   Level
a - Sandblast             Erth           0%         2d4       90%         1
b - Blink                 Tloc           0%         N/A       97%         2
c - Passwall              Erth           0%         N/A       99%         3
d - Apportation           Tloc           0%         N/A       90%         1

Your spell library contained the following spells:

 Spells                   Type           Power      Damage    Failure   Level
 Magic Dart               Conj           0%         1d3       90%         1
 Necrotise                Necr           0%         1d4       90%         1
 Sting                    Conj/Alch      0%         1d3       90%         1
 Summon Small Mammal      Summ           0%         N/A       90%         1
 Call Imp                 Summ           0%         N/A       97%         2
 Lesser Beckoning         Tloc           0%         N/A       97%         2
 Mercury Vapours          Alch/Air       0%         N/A       97%         2
 Momentum Strike          Conj/Tloc      0%         3d8       97%         2
 Scorch                   Fire           0%         2d5       97%         2
 Static Discharge         Conj/Air       0%         3-3/arc   97%         2
 Hailstorm                Conj/Ice       0%         3d5       99%         3
 Stone Arrow              Conj/Erth      0%         3d7       99%         3
 Summon Ice Beast         Ice/Summ       0%         N/A       99%         3
 Airstrike                Air            0%         2d(0-16)  100%        4
 Brom's Barrelling Bould  Conj/Erth      0%         2d3       100%        4
 Flame Wave               Conj/Fire      0%         2d4       100%        4
 Olgreb's Toxic Radiance  Alch           0%         N/A       100%        4
 Summon Lightning Spire   Summ/Air       0%         N/A       100%        4
 Vhi's Electric Charge    Tloc/Air       0%         N/A       100%        4
 Arcjolt                  Conj/Air       0%         1d10      100%        5
 Plasma Beam              Fire/Air       0%         2x1d10    100%        6
 Sculpt Simulacrum        Ice/Alch       0%         N/A       100%        6
 Summon Cactus Giant      Summ           0%         N/A       100%        6


Dungeon Overview and Level Annotations

Branches:
Dungeon (9/15)             Temple (1/1) D:4            Lair (5/5) D:9
 Shoals (0/4) Lair:3       Spider (2/4) Lair:2        Slime (0/5) Lair:4
 Bailey (visited)         Volcano (visited)
    Orc: D:9-12

Altars:
Ashenzari
Cheibriados
Dithmenos
Elyvilon
Fedhas
Hepliaklqana
Kikubaaqudgha
Makhleb
Nemelex Xobeh
Okawaru
Qazlal
Ru
Sif Muna
Uskayaw
Vehumet
Wu Jian
Xom
Yredelemnul
Zin
The Shining One
Jiyva

Shops:
D:3 **[[   D:8 ?*(*

Annotations:
D:6 exclusions: 3 doors and 10 more exclusions
D:8 2 transporters
D:9 Amaemon
Lair:2 exclusions: oklob plant and skyshark
Lair:3 exclusion: 2 oklob plants
Spider:1 2 transporters, Cusykhlelepp's ghost, journeyman FeSu


Innate Abilities, Weirdness & Mutations

Your life essence is reduced to manifest your ancestor. (-10% HP)
You are immune to sickness and miasma.
Your stone body is resilient. (AC +10)
You are immune to poison.
Your large and strong wings let you fly.
You resist negative energy. (rN+)
You are resistant to electric shocks. (rElec)
You are resistant to unholy torment.
You are immune to petrification.
You have a somewhat thin skeletal structure. (Dex +2, Stealth+)
Your flesh is cold resistant. (rC+)


Message History

The culicivora bites you but does no damage.
Unknown command.
You barely miss the culicivora.
The culicivora is moderately wounded.
The culicivora bites you! The culicivora barely misses you.
Little Buddy passes through a web.
The culicivora bites you!
The culicivora bites you but does no damage.
Unknown command.
You barely miss the culicivora.
The culicivora is moderately wounded.
The culicivora bites you but does no damage.
Little Buddy passes through a web.
The culicivora bites you but does no damage.
The orb spider weaves a glowing orb of energy.
The culicivora bites you but does no damage.
Little Buddy passes through a web.
An orb of destruction comes into view.
Press: ? - help, v - describe, . - travel, g - get item
Here: a culicivora (lightly wounded, ally target)
Items here: a broodmother corpse; a culicivora corpse.
The floor.
You barely miss the culicivora.
The culicivora is lightly wounded.
The culicivora bites you but does no damage.
The culicivora closely misses you.
The culicivora bites you but does no damage.
The orb spider spins a strand of pure energy.
The culicivora bites you but does no damage.
You barely miss the culicivora.
The culicivora is lightly wounded.
The orb of destruction hits you!!!
Ouch! That really hurt!
* * * LOW HITPOINT WARNING * * *
The culicivora bites you!
* * * LOW HITPOINT WARNING * * *
The culicivora barely misses you.
Little Buddy passes through a web.
The culicivora bites you!
You die...

....... .........
....... ##..........
....... #.##........
$...... ##.###.......
....... ##°..###...###
....... ###°....#####
##
#....###.s......##.###.
#s#R°......##.#....
#.#@.......##.......
..##....####..####...
.... ###### #.## ##..
..ss. #..## ##.. .....
.##..##..# .?s. ..
.#...## .... ... ##..##
.... #.... ..... #.†..


You could see the friendly Little Buddy the battlemage, an orb spider (charged)
and a culicivora (ally target).

Vanquished Creatures
  Gastronok (Lair:3)
  A ghost moth (Spider:2)
  A broodmother (Spider:2)
  Snorg (Lair:3)
  An entropy weaver (Spider:1)
  4 hydras
  A catoblepas (Lair:4)
  A jorogumo (Spider:1)
  3 boulder beetles
  4 demonic crawlers
  4 death yaks (Lair:5)
  A skyshark (Lair:3)
  2 orb spiders (Spider:1)
  A deep elf pyromancer (D:9)
  3 wolf spiders
  A moth of wrath (Spider:1)
  3 meliai (Spider:1)
  2 black mambas
  7 elephants
  Joseph (Lair:1)
  A molten gargoyle (Volcano)
  An orange demon (D:9)
  12 cane toads
  4 komodo dragons
  A rime drake (Lair:4)
  9 tarantellas
  A hornet (D:6)
  2 blink frogs (Lair:5)
  2 jumping spiders (Spider:1)
  3 culicivoras
  35 yaks
  2 wyverns
  Eustachio (D:5)
  A basilisk (Lair:1)
  Grum (D:9)
  12 redbacks
  Edmund (D:5)
  Menkaure (D:5)
  A steam dragon (D:8)
  9 water moccasins
  2 orc warriors (D:9)
  A swamp drake (Lair:5)
  An ice beast (D:4)
  A black bear (D:8)
  7 wolves
  A centaur (D:6)
  5 bullfrogs
  An earth elemental (Volcano)
  8 scorpions
  13 wights
  7 killer bees
  3 howler monkeys (D:7)
  An electric eel (Lair:1)
  6 hounds
  3 jellies
  A gnoll bouda (D:3)
  5 orc priests
  A sleepcap (D:6)
  8 orc wizards
  5 iguanas
  10 gnolls
  7 adders
  2 dart slugs
  3 ribbon worms
  27 orcs
  10 ball pythons
  6 bats
  6 endoplasms
  4 giant cockroaches
  6 goblins
  6 hobgoblins
  4 jackals (D:3)
  6 kobolds
  4 quokkas
  2 frilled lizards (D:3)
  10 rats
336 creatures vanquished.

Vanquished Creatures (collateral kills)
  A ghost moth (Spider:1)
  A hydra (Lair:4)
  A pharaoh ant (Spider:1)
  A cane toad (Lair:2)
  A molten gargoyle (Volcano)
  2 komodo dragons (Lair:5)
  A blink frog (Lair:5)
  A culicivora (Spider:1)
  2 jumping spiders (Spider:2)
  9 yaks
  8 redbacks
  A basilisk (Lair:3)
  A water moccasin (Lair:1)
  A black bear (D:7)
  5 wolves
  2 bullfrogs
  2 wights
  A killer bee (D:8)
  An electric eel (Lair:1)
  A howler monkey (D:9)
  5 orc wizards
  A gnoll (Bailey)
  A white imp (D:8)
  5 orcs
  2 goblins (D:7)
57 creatures vanquished.

Vanquished Creatures (others)
  A komodo dragon (Lair:5)
  A blink frog (Lair:5)
  A yak (Lair:5)
  A swamp drake (Lair:5)
  3 iguanas (Lair:5)
  8 battlemagi
  2 ancestors
  An orc (D:5)
18 creatures vanquished.

Grand Total: 411 creatures vanquished

Notes
Turn   | Place    | Note
-------+----------+-------------------------------------------
     0 | D:1      | djent the Gargoyle Fighter began the quest for the Orb.
     0 | D:1      | Reached XP level 1. HP: 14/14 MP: 1/1
    70 | D:1      | Reached XP level 2. HP: 16/19 MP: 2/2
   110 | D:1      | crazy biij
   110 | D:1      | crazy book
   170 | D:1      | Learned a level 1 spell: Sandblast
   248 | D:1      | endoplasm, we meet again
   251 | D:1      | wow
   251 | D:1      | 1 shot an endoplasm
   274 | D:1      | what a difference 3.5 fighting and 2.5 maces makes
   521 | D:1      | Reached XP level 3. HP: 22/23 MP: 3/3
  1164 | D:2      | Reached skill level 3 in Maces & Flails
  1808 | D:3      | Found Duz Wuaw's Antique Armour Shoppe.
  1820 | D:3      | Reached XP level 4. HP: 29/29 MP: 4/4
  1877 | D:3      | Reached XP level 5. HP: 26/33 MP: 5/5
  1888 | D:3      | Reached skill level 4 in Maces & Flails
  2008 | D:3      | Found Ekhlyosuy's Armour Shoppe.
  2151 | D:3      | Found Nasch's General Store.
  2152 | D:3      | Found Ojewes's General Store.
  2176 | D:3      | since when is there an orcbow?
  2192 | D:3      | Found a sacrificial altar of Ru.
  2469 | D:3      | Found a faded altar of an unknown god.
  2627 | D:3      | Found a shimmering blue altar of Sif Muna.
  2709 | D:4      | Found a staircase to the Ecumenical Temple.
  2805 | D:3      | Reached XP level 6. HP: 31/39 MP: 6/6
  3143 | D:4      | Reached skill level 5 in Maces & Flails
  3558 | D:4      | Noticed an ice beast
  3559 | D:4      | thanks devs
  3559 | D:4      | d:4 ice beast out of my mind
  3565 | D:4      | Killed an ice beast
  3566 | D:4      | Reached skill level 5 in Fighting
  3566 | D:4      | Reached skill level 5 in Shields
  3566 | D:4      | Reached XP level 7. HP: 37/44 MP: 7/7
  3663 | Temple   | Entered the Ecumenical Temple
  3724 | Temple   | I think Dark Maul Hep could be the play
  3724 | Temple   | though Dark Maul Chei would be the slowest. maybe good for
                  | a turncount run
  3724 | Temple   | Became a worshipper of Hepliaklqana the Forgotten
  3768 | D:5      | Entered Level 5 of the Dungeon
  3768 | D:5      | Noticed Eustachio
  3929 | D:5      | Noticed Edmund
  3930 | D:5      | Identified the ring of Jotemezu {*Slow rPois rCorr Str-5
                  | SInv}
  3957 | D:5      | Killed Edmund
  3958 | D:5      | Reached skill level 6 in Maces & Flails
  4295 | D:5      | Noticed Menkaure
  4310 | D:5      | Killed Menkaure
  4458 | D:5      | Killed Eustachio
  4459 | D:5      | Reached XP level 8. HP: 41/51 MP: 8/8
  4635 | D:5      | am i dead?
  4994 | D:6      | Reached skill level 7 in Maces & Flails
  5224 | D:6      | Reached skill level 8 in Maces & Flails
  5284 | D:6      | Found the +1 Delatra's gloves {ID++}
  5299 | D:6      | Reached XP level 9. HP: 47/56 MP: 9/9
  5407 | D:6      | Reached * piety under Hepliaklqana
  5408 | D:6      | I have a little buddy!
  5475 | D:6      | Found a sparkling altar of Nemelex Xobeh.
  5623 | D:6      | Noticed a hornet
  5633 | D:6      | ??? I thought that was a runed vault door
  5640 | D:6      | Killed a hornet
  5792 | D:6      | Found a shimmering altar of Xom.
  6011 | D:7      | Found a radiant altar of Vehumet.
  6052 | D:7      | Reached skill level 9 in Maces & Flails
  6146 | D:7      | Identified 2 scrolls of acquirement
  6146 | D:7      | Acquired a +5 eveningstar of freezing
  6147 | D:7      | Acquired 570 gold pieces
  6365 | D:3      | Bought the +10 dark maul {heavy} for 824 gold pieces
  6365 | D:3      | Found the +10 dark maul {heavy}
  6371 | D:3      | I gave up a manual of fighting for this
  6516 | D:7      | Found a flagged portal.
  6538 | D:7      | F
  6596 | Bailey   | Entered a bailey
  6599 | Bailey   | Gained mutation: You have a somewhat thin skeletal
                  | structure. (Dex +2, Stealth+) [potion of mutation]
  6599 | Bailey   | Gained mutation: Your flesh is cold resistant. (rC+)
                  | [potion of mutation]
  6600 | Bailey   | cool play: ID++ blind quaff mut
  6640 | Bailey   | F
  6649 | Bailey   | also F this
  6834 | D:7      | Reached ** piety under Hepliaklqana
  6850 | D:7      | Remembered your ancestor Little Buddy as a battlemage
  6860 | D:7      | Identified the +0 leather armour of the Orb {Str+4}
  6865 | D:7      | Found a glowing golden altar of the Shining One.
  6897 | D:7      | Learned a level 2 spell: Blink
  6901 | D:7      | Learned a level 3 spell: Passwall
  6935 | D:7      | wtf is alchemy lmao
  7138 | D:8      | Reached skill level 10 in Maces & Flails
  7193 | D:8      | Reached XP level 10. HP: 54/58 MP: 10/10
  7278 | D:8      | Found Giq Ufao's Assorted Antiques.
  7278 | D:8      | Found Ryjiull Kugi's Assorted Antiques.
  7278 | D:8      | Found Qocemuq's Weapon Shoppe.
  7279 | D:8      | Found Kuad's Magic Scroll Shoppe.
  7280 | D:8      | this seed is shop city lmao
  7283 | D:8      | Found a burning altar of Makhleb.
  7357 | D:8      | Found a shadowy altar of Dithmenos.
  7494 | D:8      | Found a basalt altar of Yredelemnul.
  7494 | D:8      | Noticed a death knight
  7505 | D:8      | Found a transporter.
  7557 | D:8      | Found a transporter.
  7568 | D:8      | Found an ancient bone altar of Kikubaaqudgha.
  7716 | D:9      | Noticed an orange demon
  7723 | D:9      | Killed an orange demon
  7723 | D:9      | Noticed Amaemon
  7796 | D:9      | Noticed Grum
  7799 | D:9      | Reached skill level 11 in Maces & Flails
  7801 | D:9      | Killed Grum
  7939 | D:9      | Found a white marble altar of Elyvilon.
  7966 | D:9      | Found a staircase to the Lair.
  8161 | D:9      | Reached skill level 12 in Maces & Flails
  8265 | D:9      | Reached *** piety under Hepliaklqana
  8405 | D:9      | Noticed a deep elf pyromancer
  8408 | D:9      | Killed a deep elf pyromancer
  8409 | D:9      | Reached skill level 10 in Fighting
  8409 | D:9      | ez
  8529 | Lair:1   | Entered Level 1 of the Lair of Beasts
  8546 | Lair:1   | Reached XP level 11. HP: 60/64 MP: 11/11
  8632 | Lair:1   | Noticed Joseph
  8647 | Lair:1   | Killed Joseph
  8684 | Lair:1   | Found a dark tunnel.
  8716 | Volcano  | Entered a volcano
  8723 | Volcano  | 3d15 bolt of magma can one-shot me, yet molten gargoyle is
                  | only a yellow enemy
  8727 | Volcano  | Reached skill level 13 in Maces & Flails
  8734 | Volcano  | least cool play
  8734 | Volcano  | ID++ gloves melded with my lig and now I can't heal off
                  | unknown potions
  8782 | Volcano  | that was scary
  8963 | Volcano  | Noticed a lindwurm
  8963 | Volcano  | Noticed a lindwurm
  9008 | Volcano  | F
  9010 | Lair:1   | that was a nice tele though
  9146 | Lair:1   | F
  9545 | Lair:1   | Reached skill level 14 in Maces & Flails
  9599 | Lair:1   | dark maul pretty good imo
  9762 | Lair:1   | Identified the +7 shortbow "Ihico" {flame, ^Drain rF+
                  | Int+3}
  9766 | Lair:1   | ^Drain is a new one
 10073 | Lair:1   | Learned a level 1 spell: Apportation
 10093 | Lair:2   | Noticed a skyshark
 10171 | Lair:2   | Reached XP level 12. HP: 72/72 MP: 12/12
 10186 | Lair:2   | F
 10199 | Lair:2   | Reached **** piety under Hepliaklqana
 10241 | Lair:2   | Reached skill level 15 in Maces & Flails
 10241 | Lair:2   | Reached skill level 1 in Invocations
 10976 | D:3      | Bought a pair of glowing boots for 187 gold pieces
 10976 | D:3      | Bought a pair of runed boots for 187 gold pieces
 11194 | D:8      | Bought a potion of curing for 90 gold pieces
 11330 | Lair:3   | Noticed Gastronok
 11337 | Lair:3   | Killed Gastronok
 11397 | Lair:3   | imagine getting stabbed with the Dark Maul
 11399 | Lair:3   | Noticed Snorg
 11405 | Lair:3   | Killed Snorg
 11407 | Lair:3   | Noticed a skyshark
 11408 | Lair:3   | uh oh skyshark
 11411 | Lair:3   | Killed a skyshark
 11412 | Lair:3   | we did it
 11519 | Lair:3   | Found a staircase to the Shoals.
 11627 | Lair:4   | Noticed a five-headed hydra
 11630 | Lair:4   | Noticed a seven-headed hydra
 11630 | Lair:4   | chances of me 1 shotting a 7 headed hydra with dark maul?
 11631 | Lair:4   | Killed a five-headed hydra
 11632 | Lair:4   | Battle-Mage Hep just 1v1'd a 5 headed hydra and won
 11636 | Lair:4   | Killed a seven-headed hydra
 11637 | Lair:4   | cool play: ID++ unknown heal wounds
 11688 | Lair:4   | Upgraded the game from 0.31-a0-1570-g93c622d222 to
                  | 0.31-a0-1576-ga3383bade6
 11733 | Lair:4   | Reached skill level 1 in Stealth
 11875 | Lair:4   | Reached skill level 16 in Maces & Flails
 11884 | Lair:4   | Noticed a catoblepas
 11890 | Lair:4   | Killed a catoblepas
 11891 | Lair:4   | Reached XP level 13. HP: 69/79 MP: 16/16
 12002 | Lair:4   | Found a staircase to the Slime Pits.
 12005 | Lair:4   | Found a viscous altar of Jiyva.
 12083 | Lair:4   | Reached skill level 5 in Invocations
 12742 | Lair:5   | Entered Level 5 of the Lair of Beasts
 12754 | Lair:5   | F
 12924 | Lair:5   | Reached ***** piety under Hepliaklqana
 12947 | Lair:5   | uh oh
 12948 | Lair:5   | 1 shot a 7 headed hydra...
 12950 | Lair:5   | Reached skill level 5 in Armour
 12954 | Lair:5   | this is so bad lmao
 12962 | Lair:5   | F
 13123 | Lair:5   | that was a close one lmao
 13160 | Lair:5   | fuck yourself
 13367 | Lair:5   | F
 13710 | D:8      | Bought a scroll of enchant armour for 97 gold pieces
 13710 | D:8      | Bought a scroll of identify for 26 gold pieces
 13710 | D:8      | Bought a scroll of teleportation for 39 gold pieces
 13897 | Lair:2   | Found a hole to the Spider Nest.
 13923 | Spider:1 | Entered Level 1 of the Spider Nest
 13926 | Spider:1 | lmfao
 13926 | Spider:1 | mark trap again
 14134 | Spider:1 | Reached skill level 17 in Maces & Flails
 14137 | Spider:1 | F
 14232 | Spider:1 | Noticed Cusykhlelepp's ghost (journeyman FeSu)
 14233 | Spider:1 | Found a transporter.
 14237 | Spider:1 | Noticed a broodmother
 14238 | Spider:1 | Gained mutation: Your large and strong wings let you fly.
                  | [Gargoyle growth]
 14238 | Spider:1 | Reached XP level 14. HP: 86/86 MP: 18/18
 14283 | Spider:1 | Noticed a broodmother
 14289 | Spider:1 | Found a transporter.
 14340 | Spider:1 | Upgraded the game from 0.31-a0-1576-ga3383bade6 to
                  | 0.31-a0-1589-g8f5e8aebd6
 14407 | Spider:1 | F
 14635 | Spider:1 | Reached skill level 15 in Fighting
 14858 | Spider:1 | Killed a ghost moth
 14860 | Spider:1 | thanks little buddy
 15579 | Spider:2 | Killed a ghost moth
 16025 | Spider:2 | Noticed a broodmother
 16032 | Spider:2 | Killed a broodmother
 16039 | Spider:2 | Mangled by a culicivora

Illustrated notes ## ..# #####.###.## # .....#.....###### #( #............. #. #.#..⌠..###.## #.#####...........# #[............###### #................... #..@.........######. #..#####.#.#.# ...#. #†#.#.# ##.### #.#.#>. . ###.. ####.#.###. ..#######...# #......# .# ..#≈≈≈≈≈...# #.# #.##.### # #.≈≈≈≈≈....###.###.##.# #.≈≈≈≈~.............†.# Turn 110 on D:1: crazy biij ######### ####........ #........J.. #.##.####### #.##.# #.##@# #.##.# #.##.# #..#.# ##.#.# #.#.# # #.#.. ###### #.### #..... #.# #.#### Turn 248 on D:1: endoplasm, we meet again ######### ####........ #........J.. #.##.####### #.##@# #.##.# #.##.# #.##.# #..#.# ##.#.# #.#.# # #.#.. ###### #.### #..... Turn 251 on D:1: wow #########.#.. ####.........#.# #........J.....# . ... #.##.#######.#.##.# ... #.##.# ##.....r.. ... #.##.# ##.......## #.# #.##.# #..gJ...... #.# #.##.# #..@B..# #.# #..#.# #.#...## #.# ##.#.# ##.##.## #.### #.#.###...#.# ##...## #.#.........# ######.###.# #.#####...### #......# #.# #.# ##.## #.####.###.# #.# #.# #.# ##...## #.# #.# #.# #..## Turn 274 on D:1: what a difference 3.5 fighting and 2.5 maces makes ###....>.....[....#.# ##...........##.#.# #........##.##.#.## #..............# . #.........#.# .. # #.........# ####8#+##..∩#.#. #................ #.8.@.8.#...#.... . #.##<#.##.....##. # #. #8#..+......# . #.####.....## ... #####.# ### .# # Turn 2176 on D:3: since when is there an orcbow? ......####################.##.##. ...........# #.##.##. .####.####.# #.##.... #.# #.# #....... #.# #.# #.####.# .####.####.####### #.# #.# .)...............# #.# #.# .####..###.#####.# #.# #.# ##.# #.# #@# #.# #.# #.# #.# #.Y...... ..# #.# #†# #.# ######### ### #.# #.# #.# #.# .#####.###.# #.# ...........# #.# ######.##### #.# .....#.########## #.. ####.#..........####### ##.# Turn 3559 on D:4: thanks devs

≈≈≈≈≈≈≈≈≈~_~.~.~_#~≈≈≈≈≈≈≈≈≈#####
≈≈≈≈≈≈≈≈~~~.~~~..~~≈≈≈≈≈≈≈≈≈#####
≈≈≈≈≈≈≈≈≈#.~.~~~.#~≈≈≈≈≈≈≈≈≈#####
≈≈≈≈≈≈≈≈≈~.~~..~..~≈≈≈≈≈≈≈≈≈#####
≈≈≈≈≈≈≈≈~~_..~~~.~≈≈≈≈≈≈≈≈≈≈#####
≈≈≈≈≈≈≈≈~....~~~.#≈≈≈≈≈≈≈≈≈≈#####
≈≈≈≈≈≈≈≈≈.8~~.~~8#~≈≈≈≈≈≈≈≈≈#####
≈≈≈≈≈≈≈≈~.~~~..~~~~≈≈≈≈≈≈≈≈≈#####
≈≈≈≈≈≈≈≈~._.~.~~@~≈≈≈≈≈≈≈≈≈≈#####
≈≈≈≈≈≈≈≈~~~.~...~~≈≈≈≈≈≈≈≈≈≈#####
≈≈≈≈≈≈≈≈≈~..~~~~8~≈≈≈≈≈≈≈≈≈≈#####
≈≈≈≈≈≈≈≈≈~~##~####≈≈≈≈≈≈≈≈≈≈#####
≈≈≈≈≈≈≈≈~~≈≈~~~~~~~≈≈≈≈≈≈≈≈≈#####
≈≈≈≈≈≈≈≈≈≈≈≈≈≈≈≈≈≈≈≈≈≈≈≈≈≈≈≈#####
≈≈≈≈≈≈≈≈≈≈≈≈≈≈≈≈≈≈≈≈≈≈≈≈≈≈≈≈#####
≈≈≈≈≈≈≈≈≈≈≈≈≈≈≈≈≈≈≈≈≈≈≈≈≈≈≈≈#####
≈≈≈≈≈≈≈≈≈≈≈≈≈≈≈≈≈≈≈≈≈≈≈≈≈≈≈≈#####


Turn 3724 on Temple: I think Dark Maul Hep could be the play #.# #)# #.#
######.# ######## #.# #......# .....>.#######.# #.####.# ######......o#.# #.#
#.# ######.#..#####.# #.# #########..##.#......# #.##
)...........#.o##########..# #######.....)#oo@..........#
............#o###.########.# .######......##...).# #.# .# #......##.###.# #.#
.######.........# #.# #.# .......#.#.#.##.###.# #.# .#####.#.#.####.=...# #.# .#
#.#.#..........# #.# .# #.#.#.######.### #.# Turn 4635 on D:5: am i dead? . ###
.. #.. # ...####.################ ........................
#..........########### #....@.....#### # ###...........# # #....R...##.# #
#........# # # ...######### ### ##. +... . #### .. #...... #...... Turn 5408 on
D:6: I have a little buddy! ....._.....# #. ## ##..⌠.⌠....# ## ##(. ...........#
#. ....# #.........####. ###... ##........... #.##.. ###..##..... (.S#..###
#..##..... #h##....## #...###... +###c#@.# #.#R# #... #.##..##R# #.#.###...
+#+..hy#.# ##.#....### .##(...#.#####..####..## 5###!.##.......###......
S#.####..####### #...... ##......## #...... #...##### #...... ... #...... Turn
5633 on D:6: ??? I thought that was a runed vault door #.#.######>.............#
#. #..........÷####..#.###.## #. ###....>.....[....#.# #..###.
##...........##.#.# #...... #........##.##.#.#######..
#..............#.........< #.........#.#....#######.. #........R#.#....####.#...
####8#'##..@#.#............. #.........................##
#.8.∩.8.#...#.........#..... #.##<#.##.....##..#.######..
#.##8#..+......#..#...#..#.. #.##.####.....##......#..#..
#......######.###..#.....'._ ######.# #.# #..#....#### #.# #.# #..#.....'.. Turn
6371 on D:3: I gave up a manual of fighting for this ####### #####.....#
#.......#.##### ..≈≈~≈≈.#.....# ##### ..≈...≈.#.....#..<..#....
..~.∩)z.#.....#.....#.... ..≈.>.≈)†.....#.....#.... ..≈≈~≈≈)@g....#.... #....
........#.....#...# ##'## .>#####.......#...####... . ###.....#..........
#.....#.......... #.....'..R....... #.....###+####### #....... #........ Turn
6538 on D:7: F ### ♣∩♣ ♣.♣ ♣♣.♣♣ ♣.@.♣ ♣.......♣ ♣.....h..... ......gh.......
≈≈≈≈≈≈.R.≈≈≈≈≈≈ .......g....... ............... ######+++###### Turn 6600 on
Bailey: cool play: ID++ blind quaff mut ♣.♣ ♣♣.♣♣ ♣♣♣♣.∩.♣♣ ♣♣.......♣♣♣♣
♣♣♣...).......♣♣ ♣.....).†....... ♣≈≈≈≈≈≈≈...≈≈≈≈≈≈ ≈≈...............
≈........@....... ≈.######'''###### ≈ #...# #...# #)..# ##(## ggg gggg. .......
Turn 6640 on Bailey: F ### ♣@♣ ♣.♣ ♣♣g♣♣ ♣♣♣♣.∩.♣♣ ♣♣....g..♣♣♣♣
♣♣♣...).......♣♣ ♣.....).†....... ♣≈≈≈≈≈≈≈...≈≈≈≈≈≈ ≈≈............... Turn 6649
on Bailey: also F this ######+########.............#...#
#...................#...# #...................##### #.........[.........# #
#...................# # #......####+######### # #..[...#......# #
#......R......# #.....R#@.....# #......#......# #####+###....).#.....##
...............#.....# ...............#.....# ...............#.....#
...............#...... ...............######## ......................# Turn 6935
on D:7: wtf is alchemy lmao #. .♣ ♣. #..∩.⌠.∩.. #.♣.♣.♣.♣ #..⌠...⌠ #.♣.♣.♣ ♣
#..∩.⌠.∩ #.♣.♣.♣.♣. ###R@....... #........... #.########## .######.###########
..................# .######.#########.# #.# #.# #.# ##.######.. #.# #..........
Turn 7280 on D:8: this seed is shop city lmao #.........## .[ ###.....#####..
.......)......< ............... ............######## ## ............#. +).(+ .#
............#..+...+..# ............#..+|$.+..# ####........#..#@R'#..#
#........#..#...#..# #...))...#..#...# #......^.#..#...# # #........#..#.>.# .#
#........#..#...#..# #........#..8...8..#.# #....................#
#.............##..##.# Turn 8409 on D:9: ez ######### ##°≈≈≈≈°°## #°≈°≈≈≈§≈°#
##...§§≈...## #...∩...∩...# #..R......## ##.@##...## ##'###+## .##≈≈≈ 9. ≈≈≈≈§
.E# #☼≈≈§≈° ##. ≈≈≈≈§§. ## #≈≈≈.### .## Turn 8723 on Volcano: 3d15 bolt of magma
can one-shot me, yet molten gargoyle is only a yellow enemy #########
##≈§≈≈≈§§## #≈≈§≈≈§≈≈°# ##...§≈≈...## #...∩...∩...# #.........## ##..##...##
##R###+## #♣##≈≈≈.# #.)E#≈≈≈≈§.# #..###☼≈§§§. ##. ≈≈≈≈§§. ## #≈≈≈.### .## Turn
8734 on Volcano: least cool play ######### ##≈°≈§§☼☼## #≈≈§§≈≈☼≈°# ##...§§≈...##
#...∩...∩...# #..§......## ##..##...## ##R###+## #@##≈≈≈.# #.).#≈≈≈≈§.#
#..###☼≈§§§. ##. ≈≈≈≈§§. ## #≈≈≈.### .## Turn 8782 on Volcano: that was scary
#≈≈≈R## ##≈≈≈≈.# #≈☼☼≈≈§ #≈≈≈≈≈ #≈≈≈ ###+###+## #...##...## ##..)......###
#....)@......# ##≈.....).≈≈## #≈☼☼≈≈§≈☼☼## ##☼≈≈≈≈≈☼## ######### Turn 9008 on
Volcano: F +... ###..##....# #.. #..........# #....##....## #.. #...###.....#
.... ###.##......## #... #.###......# ....#####.#P#.....# .........[...##...#
.............###@## ..............#### ................... ...................
#.....###.##.#..... #.....# #.####....# ##....# #.[ ....# #..... .... ...#
#P....# ...## ..^ Turn 9010 on Lair:1: that was a nice tele though
.......##.....### ......)....#.#..###+#.# .................#....
................#.... ................#8.> #...##.##.###...#.. #...
####.###...#. +... ###..##...S# #.. #.........@# #....##....## #.. #...###.....#
.... ###.##......## #... #.###......# ....#####.#P#.....## .........[...##...#
.............###.## ..............#### Turn 9146 on Lair:1: F ~≈~ ### ### ~≈≈
##########.###.##♣ ~≈≈ .................♣P≈~≈ .+#..............♣~P≈≈
♣......#######..P~~~ ♣♣....#####.##..~~~~ ♣♣♣♣♣♣♣♣♣♣♣♣♣♣.........##..~~P~
♣..........♣ ♣@RP#......#..~~~~ ♣..........♣ ♣††##.....##..~~~~ ♣..######..♣
♣...#.##.###..~PP~ ♣..#...⌠#..♣♣♣..##.##.###......
♣.†#....'..♣♣.................. ♣..#.<..'..♣♣.................#
♣..#....'..♣♣.................. ♣..#...⌠#..♣♣..................
♣..######..♣♣♣................. Turn 9599 on Lair:1: dark maul pretty good imo
..##..P.~♣♣♣P~P...P..# ..##..~~~♣ ♣♣~......P# ..##.P.P~♣ ♣~~~####..# #.P.~~♣♣♣PP
##.## ###...P~~~~~P####..# ##.P....~~~P~.......## ...[......P.~........#
................R...## ...............)@...# ................)....#
.####....#.#####+#...# ####.....+... ...## ..>#.....# .Y #..# ....#..... ...#
.......... ..# ...#P.. #### .. Turn 9766 on Lair:1: ^Drain is a new one
##....#..###...#..... #.....#...##..##...... #.###.........#...#......
...................... ...#......>........... ... #.................. #P
#......#.†......... # #.....##..†.....#. #.....#..@..#.#..# #.....#.††Y.....#.
##....#.~~~....## ......#.~#~....... ......#.~~~....... ..~~~.......
.#.......###P ...###..... Turn 10186 on Lair:2: F ...... ##..........##
.......####..........#. ....................## ..................###
.................## ..................# !.........PP.###### ........R..P.#
.......@..P### ......†...## .........## .........# ......#### .....# ..... .....
Turn 11397 on Lair:3: imagine getting stabbed with the Dark Maul
................... .P...................... .F......................
........................ .......!.........PP.#### .....R............P.#
.................P### ......†......†...## #.....@........## ##.............#
##.........#### ##.......## #.........# #.:.......# #........## #....#.P##
#.####### Turn 11408 on Lair:3: uh oh skyshark ........####.....
.?##.................... ..P..................... ........................
........................ ........!.........PP.### ...................P.#
P.....†R..........P### .......@......†...## ..#..............## ##.............#
##.........#### ##.......## #.........# #.:.......# #........## #....#.P## Turn
11412 on Lair:3: we did it ### #..# #.. ##..# #.. #... #.# P.# ##.# ##^## #..##
##...# #.# #.<.###....##YYD.# ##........@YD..... #..####..PRY#PP.#. #### #######
## Turn 11630 on Lair:4: chances of me 1 shotting a 7 headed hydra with dark
maul? ### #..# #.. ##..# #.. #... #.# P.# ##.# ##^## #..## ##...# #.#
#.<.###....##Y...# ##........@.DYY... #..####..PRY#P..#. #### ####### ## Turn
11632 on Lair:4: Battle-Mage Hep just 1v1'd a 5 headed hydra and won ### #..#
#.. ##..# #.. #... #.# P.# ##.# ##^## #..## ##...# #.# #.<.###....##....#
##........@†Y..... #..####..P.R#P..#. #### ####### ## Turn 11637 on Lair:4: cool
play: ID++ unknown heal wounds .... ...#. ..... ...... ..... ..... ...... .... .
...... #..# .. ......##...#... .......†....... .....††........ .......@.......
......#.###.... ....##### ##. ... .. . Turn 12754 on Lair:5: F
.................. ........$......... .................. #......†.F........
.......PR†.# P.....P.FF#...# P........###.## ......P.F###### ....k.PP@##...###
.#.l.#...D......##. .l#................ ................... .....F.............
................... ....P...P......... .........P......#. ...............#..
Turn 12947 on Lair:5: uh oh .................. ........$.........
.................. #......†.......... .......P.†.# P.....PR.†#...#
P.....F.F###.## ....l.PFF###### ......PP@##...### .#.l.#kF.†......##.
.l#................ ................... ................... ...................
.F..P...P....Y.... .........P......#. ...............#.. Turn 12948 on Lair:5: 1
shot a 7 headed hydra... .................. ........$.........
.................. #......†F......... .......P.†.# P.....PRlY#...#
P.....††l###.## .....D.FY###### .....klF@##...### .#...#.F.YD.Y...##.
..#.k†............. ..Y..Y.....Y....... ............Y...... ........Y..........
...YP...P......... Y......Y.P......#. ...............#.. Turn 12954 on Lair:5:
this is so bad lmao .... #.#..PP .... .#..... .... ....... .... ....... ....
..... .... ...# .... ##..## .... #@...# .... #.......... .... #............ ....
...#........... .... ............... .... ...........?.. .... .........$.P...
..# P.............. . Turn 12962 on Lair:5: F .#..... ....... ....... ..... ...#
##..## ###....#.. #########.......... ###.P@#P#............
#....R...#........... #.................... ##................?..
#.............$.P... ###..P.............. #.#.PPP.#.......P. #........(.....P#
#.............. Turn 13123 on Lair:5: that was a close one lmao ## #. #######.#
#.. .##.......###.... #............#... .................. ..................
........$.....l... .........@........ #......÷.......... .......P.÷.#.....
P...P.....P..÷#...##. ....P.....÷÷÷###.## ...........÷.######
##..........÷.##...### #.....#...#.÷÷SYY....##. #....Y.#..†FYkY......... Turn
13160 on Lair:5: fuck yourself ...........................P#
................#...........## ............................P#
.............................# ............................##
.#.....P.....................# ##................P........#P#
#............†YYY.........### ##...........YY@Y..........#
#Y...#........Y†.P.#......## ...Y##.P.#.............P...# ..Y
#.P....#.........#....# .. #......................# . ........................#
. ........#..........†....## . .......####...........P## . .... ##.......#####
Turn 13367 on Lair:5: F .. .# .# .# . ##. ### ... ##.# ...# .....##..###.....
#...
